 Dungeon Crawl Stone Soup version 0.25.1-2-g60ff931df9 (console) character file.

Game seed: 2163441880653716291

4 Colgate the Skirmisher (level 1, -5/18 HPs)
             Began as a Formicid Abyssal Knight on Aug 11, 2020.
             Was an Initiate of Lugonu.
             Slain by a basilisk (8 damage)
             ... on level 13 of the Dungeon.
             The game lasted 00:05:58 (727 turns).

Colgate the Skirmisher (Formicid Abyssal Knight)     Turns: 727, Time: 00:05:58

Health: -5/18      AC:  2    Str: 16    XL:     1   Next: 77%
Magic:  2/2        EV: 11    Int: 11    God:    Lugonu [......]
Gold:   15         SH:  0    Dex: 10    Spells: 0/0 levels left

rFire    . . .     SeeInvis +   a - +1 mace
rCold    . . .     Gourm    .   (no shield)
rNeg     . . .     Faith    .   g - +0 robe (curse)
rPois    .         Spirit   .   (helmet unavailable)
rElec    .         Reflect  .   (no cloak)
rCorr    .         Harm     .   (no gloves)
MR       .....                  (no boots)
Stlth    +.........             (no amulet)
HPRegen  0.06/turn              (no ring)
MPRegen  0.08/turn              (no ring)

@: starving
A: permanent stasis, dig shafts and tunnels, four strong arms, antennae 3
a: Dig, Shaft Self, Renounce Religion


You were on level 13 of the Dungeon.
You worshipped Lugonu.
Lugonu was noncommittal.
You were starving.

You visited 1 branch of the dungeon, and saw 7 of its levels.
You visited the Abyss 1 time.

You collected 15 gold pieces.

Inventory:

Hand Weapons
 a - a +1 mace (weapon)
 b - a +0 hunting sling
Missiles
 d - 15 stones (quivered)
 e - 18 arrows
Armour
 g - a cursed +0 robe (worn)
 h - a +0 ring mail
 i - a +0 leather armour
Scrolls
 f - a scroll of blinking {unknown}
Comestibles
 c - a ration


   Skills:
 + Level 3.6 Fighting
 + Level 2.0 Maces & Flails
 + Level 2.2 Armour
 + Level 0.8 Dodging
 + Level 2.1 Invocations


You couldn't memorise any spells.
You didn't know any spells.
Your spell library was empty.

Dungeon Overview and Level Annotations

Branches:
Dungeon (6/15)
 Temple: D:4-7

Altars:


Innate Abilities, Weirdness & Mutations

You cannot be hasted, slowed, berserked, paralysed or teleported.
You can dig through walls and to a lower floor.
Your four strong arms can wield two-handed weapons with a shield.
You have a pair of large antennae on your head. (SInv)


Message History

Your limbs are stiffening.
You have turned to stone.
The basilisk gazes at you.
A bullfrog zombie comes into view.
The basilisk gazes at you. The basilisk gazes at you. The basilisk bites you.
The basilisk bites you!
You turn to flesh and can move again.
There is a stone staircase leading up here.
You can't shaft yourself on this terrain.
There is an escape hatch in the floor here.
Are you sure you want to shaft yourself?
You are starving!
The basilisk bites you!
Ouch! That really hurt!
* * * LOW HITPOINT WARNING * * *
You begin to dig a shaft.
You continue digging a shaft.
The basilisk bites you!
You die...

# .# #.# #..# ..#
###.#####
#@.......
.......##l.......
........#<......$.
........#.Z.......
........#.........
........#......<..
........#..>......
..................
.........#........
.........#.......
........##.......


You could see a basilisk and a bullfrog zombie.

Vanquished Creatures
  A giant cockroach (D:4)
  A jackal (D:1)
  2 frilled lizards (D:1)
  A kobold (D:1)
5 creatures vanquished.

Notes
Turn   | Place    | Note
-------+----------+-------------------------------------------
     0 | Abyss:1  | Colgate the Formicid Abyssal Knight began the quest for the
                  | Orb.
     0 | Abyss:1  | Reached XP level 1. HP: 18/18 MP: 2/2
    33 | Abyss:1  | Noticed a flying skull
    33 | Abyss:1  | Noticed a starcursed mass
    34 | D:1      | Escaped the Abyss
   174 | D:1      | You fall into a shaft and drop 1 floor!
   186 | D:2      | You fall into a shaft and drop 2 floors!
   467 | D:4      | You fall into a shaft and drop 2 floors!
   470 | D:6      | Noticed a hound
   478 | D:6      | You fall into a shaft and drop 3 floors!
   478 | D:9      | Noticed a bullfrog
   481 | D:9      | You fall into a shaft and drop 3 floors!
   706 | D:12     | Noticed a wraith
   709 | D:12     | You fall into a shaft and drop 1 floor!
   711 | D:13     | Noticed a basilisk
   727 | D:13     | Slain by a basilisk

Illustrated notes

Levels and vault maps discovered:
D:1:      giann_bridges, layout_basic, minmay_heptomino_o4
D:2:      layout_loops_corners, minmay_overflow_temple_hex,
          hangedman_abyss_or_decor_stabs
D:4:      layout_basic, temple_hall, columned_hall_lemuel,
          minmay_increasing_density, uniq_edmund, uniq_robin
D:6:      layout_basic, nicolae_qazlal_style_of_elements, uniq_blork_the_orc,
          uniq_duvessa
D:9:      layout_roguey, tso_oasis_becter, serial_shops, shop
D:12:     layout_basic, serial_shops, nicolae_shop_behind_doors,
          ploomutoo_gammafunk_ghost_potion_laboratory
D:13:     layout_roguey

Action                   || total
-------------------------++-------
Melee: Mace              ||    23
 Fire: Hunting sling     ||     3
Throw: Stone             ||     8
Invok: Depart the Abyss  ||     1
 Abil: Shaft Self        ||     7
       Dig               ||     1
Armor: Robe              ||    10
       Leather armour    ||     1
Dodge: Dodged            ||    22
